 Dungeon Crawl Stone Soup version 0.30-a0-777-ga9a30cbeda (webtiles) character file.

Game seed: 12062764490534938340

17150 cheesebisquit the Fighter (level 12, -1/105 HPs)
             Began as a Djinni Conjurer on Feb 13, 2023.
             Was a High Priest of Ashenzari.
             Slain by a boulder beetle (17 damage)
             ... on level 13 of the Dungeon.
             The game lasted 01:31:49 (15124 turns).

cheesebisquit the Fighter (Djinni Conjurer)        Turns: 15124, Time: 01:31:50

Health: -1/105     AC:  9    Str:  9    XL:     12   Next: 79%
Gold:   1040       EV: 17    Int: 36    God:    Ashenzari [*****.] SH:  7 Dex: 13

rFire   + + +      SeeInvis +    N - +7 sling "Gempaowk" {speed, rF+ Will+ Str+3}
rCold   x . .      Faith    .    C - +2 buckler of Supernal Knowledge {Self, Melee} (curse)
rNeg    . . .      Spirit   .    q - +2 robe of Desmomancy {Archmagi, Self, Cun} (curse)
rPois   ∞          Reflect  .    n - +1 helmet of Panopticon {Cun, Range} (curse)
rElec   .          Harm     .    d - scarf of Ashenzari's Asceticism {+Inv, Self, Range} (curse)
rCorr   .          Rampage  .    w - +2 pair of gloves of the Ensconced Seer {rF+, Evo, Range} (curse)
Will    ++...      Archmagi +    (boots unavailable)
Stlth   +++++      Clarity  +    (no amulet)
HPRegen 0.37/turn                D - ring of Curses and Power {Int+6, Evo, Self} (curse)
MPRegen 0.00/turn                y - ring "Behold Eternity" {Int+6, Range, Evo} (curse)

@: flying
A: sickness immunity, fire resistance 2, cold vulnerability 1, float, innate
caster, HP casting, extra vitality 1
a: Renounce Religion, Evoke Invisibility, Shatter the Chains


You were on level 13 of the Dungeon.
You worshipped Ashenzari.
Ashenzari was extremely pleased with you.
You visited 2 branches of the dungeon, and saw 14 of its levels.

You collected 1178 gold pieces.
You spent 138 gold pieces at shops.

Inventory:

Hand Weapons
 N - the +7 sling "Gempaowk" (weapon) {speed, rF+ Will+ Str+3}
   (You found it on level 10 of the Dungeon)

   Str:       It affects your strength (+3).
   rF:        It protects you from fire.
   Will:      It increases your willpower.
Missiles
 a - 52 poisoned darts
 u - 6 silver boomerangs
 E - 12 curare-tipped darts
 O - a throwing net
Armour
 d - the cursed scarf of Ashenzari's Asceticism (worn) {+Inv, Self, Range}
   (You found it on level 1 of the Dungeon)

   It has a curse which improves the following skills: Introspection: Fighting
   and Spellcasting.
   Ranged Combat: Ranged Weapons and Throwing.
 f - a +4 ring mail of fire resistance
 n - the cursed +1 helmet of Panopticon (worn) {Cun, Range}
   (You found it on level 4 of the Dungeon)

   It has a curse which improves the following skills: Cunning: Dodging and
   Stealth.
   Ranged Combat: Ranged Weapons and Throwing.
 q - the cursed +2 robe of Desmomancy (worn) {Archmagi, Self, Cun}
   (You found it on level 2 of the Dungeon)

   It has a curse which improves the following skills: Introspection: Fighting
   and Spellcasting.
   Cunning:   Dodging and Stealth.
 w - the cursed +2 pair of gloves of the Ensconced Seer (worn) {rF+, Evo, Range}
   (You bought it in a shop on level 4 of the Dungeon)

   It has a curse which improves the following skills: Evocations: Evocations.
   Ranged Combat: Ranged Weapons and Throwing.
 C - the cursed +2 buckler of Supernal Knowledge (worn) {Self, Melee}
   (You found it on level 6 of the Dungeon)

   It has a curse which improves the following skills: Introspection: Fighting
   and Spellcasting.
   Melee Combat: Short Blades, Long Blades, Axes, Maces & Flails, Polearms,
   Staves and Unarmed Combat.
 F - the +0 chain mail of the Slorg {Will+}
   (You found it on level 7 of the Dungeon)

   Will:      It increases your willpower.
 P - a +0 kite shield
 Q - a +0 cloak
 R - a +0 troll leather armour
Jewellery
 m - a ring of positive energy
 y - the cursed ring "Behold Eternity" (right hand) {Int+6, Range, Evo}
   (You took it off a gnoll bouda on level 5 of the Dungeon)

   [ring of intelligence]

   Int:       It affects your intelligence (+6).
   It has a curse which improves the following skills: Ranged Combat: Ranged
   Weapons and Throwing.
   Evocations: Evocations.
 A - a ring of see invisible
 B - the ring "Aruq" {Wiz Slay+4}
   (You acquired it on level 6 of the Dungeon)

   [ring of wizardry]

   It improves your spell success rate.
   Slay:      It affects your accuracy & damage with ranged weapons and melee
   (+4).
 D - the cursed ring of Curses and Power (left hand) {Int+6, Evo, Self}
   (You found it on level 6 of the Dungeon)

   [ring of intelligence]

   Int:       It affects your intelligence (+6).
   It has a curse which improves the following skills: Evocations: Evocations.
   Introspection: Fighting and Spellcasting.
 T - a +6 ring of strength
Wands
 e - a wand of flame (44)
 t - a wand of polymorph (21)
 G - a wand of light (6)
 H - a wand of paralysis (8)
 J - a wand of roots (13)
Scrolls
 c - 2 scrolls of enchant weapon
 g - 2 scrolls of fear
 i - 2 scrolls of blinking
 j - a scroll of fog
 l - 3 scrolls of teleportation
 o - 2 scrolls of amnesia
 r - a scroll of silence
 s - 6 scrolls of poison
 M - a scroll of enchant armour
 S - 2 scrolls of magic mapping
Potions
 b - 3 potions of berserk rage
 h - a potion of brilliance
 p - 2 potions of flight
 v - 4 potions of mutation
 x - 2 potions of lignification
 z - a potion of might
 K - 4 potions of curing
 L - 2 potions of haste


   Skills:
 * Level 11.1(16.6) Fighting
 + Level 8.8(12.3) Dodging
 + Level 7.3(10.8) Stealth
 - Level 4.6 Shields
 * Level 9.8(15.2) Spellcasting


You had 13 spell levels left.
You knew the following spells:

 Your Spells              Type           Power      Damage    Failure   Level
a - Magic Dart            Conj           100%       1d8       0%          1
b - Fulminant Prism       Conj/Hex       58%        3d24      1%          4
c - Iskenderun's Mystic   Conj/Tloc      100%       2d19      1%          4
d - Vhi's Electric Charg  Tloc/Air       100%       N/A       0%          3
e - Dazzling Flash        Conj/Hex       100%       N/A       0%          3
f - Summon Small Mammal   Summ           100%       N/A       0%          1
g - Static Discharge      Conj/Air       100%       2-7/arc   0%          2
h - Summon Guardian Gole  Hex/Summ       100%       N/A       0%          3
i - Blade Hands           Tmut           58%        N/A       1%          5
z - Searing Ray           Conj           100%       2d8       0%          2
Your spell library was empty.

Dungeon Overview and Level Annotations

Branches:
Dungeon (13/15)            Temple (1/1) D:4            Lair (0/5) D:9
    Orc (0/2) D:11
 Vaults: D:13-14

Altars:
Ashenzari
Cheibriados
Dithmenos
Elyvilon
Fedhas
Gozag
Hepliaklqana
Makhleb
Nemelex Xobeh
Okawaru
Qazlal
Ru
Trog
Uskayaw
Wu Jian
Xom
Yredelemnul
Zin
The Shining One

Shops:
D:4 *   D:9 :

Annotations:
D:8 1 runed translucent door, kingofthe's ghost, novice OpCj
D:13 1 transporter, Frost42's ghost, journeyman MiFi


Innate Abilities, Weirdness & Mutations

You are immune to sickness and miasma.
You are immune to poison.
Your flesh is very heat resistant. (rF++)
You are vulnerable to cold. (rC-)
You float through the air rather than walking.
You learn spells naturally, not from books.
Your magical power is your life essence.
You have superior vitality. (+4 MHP)


Message History

The two-headed ogre hits your fulminant prism with a +0 giant club!!
The boulder beetle leaps!
The two-headed ogre hits your fulminant prism with a +0 giant club!!
Your fulminant prism detonates feebly.
The boulder beetle closely misses you.
Casting: Fulminant Prism (safe; 1% risk of failure)
Confirm with . or Enter, or press ? or * to list all spells.
Aiming: Fulminant Prism (safe; 1% risk of failure)
Press: ? - help, Dir - move target You feel a surge of power!
You conjure a prism of explosive energy!
A fulminant prism comes into view.
The two-headed ogre hits your fulminant prism with a +0 giant club.
The two-headed ogre hits your fulminant prism with a +0 giant club!!
The boulder beetle bites you!
* * * LOW HITPOINT WARNING * * *
The yak gores you but does no damage. The yak attacks as you move away!
You block the yak's attack. The boulder beetle misses you.
Your fulminant prism crackles loudly.
The yak attacks as you move away! The yak barely misses you.
The two-headed ogre hits your fulminant prism with a +0 giant club!!
Your fulminant prism explodes!
The blast of energy engulfs the cyclops!!
The cyclops is almost dead.
The blast of energy engulfs the two-headed ogre!
The two-headed ogre is moderately wounded.
Casting: Fulminant Prism (safe; 1% risk of failure)
Confirm with . or Enter, or press ? or * to list all spells.
Aiming: Fulminant Prism (safe; 1% risk of failure)
Press: ? - help, Dir - move target You feel a surge of power!
You conjure a prism of explosive energy!
* * * LOW HITPOINT WARNING * * *
A fulminant prism comes into view.
The boulder beetle bites you.
* * * LOW HITPOINT WARNING * * *
The boulder beetle attacks as you move away!
The boulder beetle bites you!
You die...

,..[.......# #######'###
,..........# #..#
.........# #.## ##.######
####.# * ,* ,, #....# ,.
, , * #.#### , .., ,
##.###### , ... ,,
####.......# ....{,*
####YB@.......# ,...$.
##).C*##.......#
,,......##.O#####.......#
...)).)..## ######### *
.)..).#### * .....
,.#.#*** , #,


You could see a boulder beetle, a two-headed ogre, a cyclops (ally target), a
yak shaped shifter and a friendly fulminant prism.

Vanquished Creatures
  A centaur warrior (D:13)
  4 two-headed ogres
  2 tengu warriors (D:9)
  Sonja (D:11)
  2 ugly things (D:12)
  Maurice (D:8)
  A shining eye (shapeshifter) (D:13)
  A manticore (D:12)
  A cyclops (D:11)
  A gargoyle (D:11)
  An efreet (D:12)
  2 kobold demonologists (D:12)
  3 meliai (D:12)
  2 trolls
  3 shadows
  A wyvern (D:9)
  A wraith (D:10)
  2 steam dragons
  5 vampire mosquitoes
  3 wargs (D:9)
  3 acid dragons
  An acid dragon (shapeshifter) (D:13)
  7 orc warriors
  2 ice beasts
  A sky beast (D:7)
  2 ogres
  2 centaurs
  5 kobold brigands
  4 bullfrogs
  3 necrophages
  4 gnoll sergeants
  4 scorpions
  7 wights
  The ghost of bronco the Caller, a weakling OgSu (D:3)
  15 killer bees
  8 howler monkeys
  2 electric eels (D:11)
  4 hounds
  2 jellies
  2 gnoll boudas
  15 orc priests
  Ijyb (D:3)
  3 iguanas
  24 orc wizards
  19 gnolls
  15 adders
  A shadow imp (D:6)
  A white imp (D:6)
  2 worms
  A dart slug (D:4)
  69 orcs
  7 ball pythons
  5 bats
  4 endoplasms
  3 giant cockroaches
  11 goblins
  10 hobgoblins
  11 jackals
  22 kobolds
  4 quokkas
  3 frilled lizards
  6 rats
  3 fulminant prisms
357 creatures vanquished.

Vanquished Creatures (collateral kills)
  An orc (D:13)
1 creature vanquished.

Vanquished Creatures (others)
  86 fulminant prisms
86 creatures vanquished.

Grand Total: 444 creatures vanquished

Notes
Turn   | Place    | Note
-------+----------+-------------------------------------------
     0 | D:1      | cheesebisquit the Djinni Conjurer began the quest for the
                  | Orb.
     0 | D:1      | cheesebisquit set off with the following spells memorised:
                  | Magic Dart, Searing Ray, Dazzling Flash, Fulminant Prism,
                  | Iskenderun's Mystic Blast.
     0 | D:1      | Reached XP level 1. HP: 15/15 MP: 0/0
    87 | D:1      | Reached XP level 2. HP: 21/21 MP: 0/0
   496 | D:2      | Reached XP level 3. HP: 13/25 MP: 0/0
   496 | D:2      | Learned a level 1 spell: Summon Small Mammal
   798 | D:2      | Reached XP level 4. HP: 29/31 MP: 0/0
  1581 | D:3      | Reached skill level 1 in Fighting
  1581 | D:3      | Reached XP level 5. HP: 24/37 MP: 0/0
  1581 | D:3      | Learned a level 2 spell: Static Discharge
  1897 | D:3      | Reached skill level 2 in Fighting
  1897 | D:3      | Reached XP level 6. HP: 21/43 MP: 0/0
  2265 | D:3      | Noticed Ijyb
  2269 | D:3      | Killed Ijyb
  2275 | D:3      | Reached skill level 5 in Spellcasting
  2424 | D:3      | Found a runed translucent door.
  2424 | D:3      | Noticed bronco's ghost (weakling OgSu)
  2627 | D:3      | Reached skill level 3 in Fighting
  2627 | D:3      | Reached XP level 7. HP: 37/50 MP: 0/0
  2627 | D:3      | Learned a level 3 spell: Summon Guardian Golem
  3064 | D:3      | Killed bronco's ghost
  3748 | D:4      | Found a staircase to the Ecumenical Temple.
  3755 | Temple   | Entered the Ecumenical Temple
  3798 | Temple   | Became a worshipper of Ashenzari the Shackled
  3872 | D:4      | Found Cienoepast's Fire Supplies.
  3878 | D:4      | Bought a +0 pair of gloves of fire resistance for 138 gold
                  | pieces
  4213 | D:4      | Reached skill level 4 in Fighting
  4213 | D:4      | Reached XP level 8. HP: 19/58 MP: 0/0
  4345 | D:4      | Found a bloodstained altar of Trog.
  4853 | D:5      | Entered Level 5 of the Dungeon
  4931 | D:5      | Reached skill level 5 in Fighting
  4931 | D:5      | HP: 1/59 [scorpion (6)]
  5159 | D:5      | Found a sacrificial altar of Ru.
  5231 | D:5      | Found a blossoming altar of Fedhas.
  5308 | D:5      | Reached XP level 9. HP: 28/66 MP: 0/0
  5308 | D:5      | Learned a level 3 spell: Vhi's Electric Charge
  5777 | D:6      | Reached * piety under Ashenzari
  5877 | D:6      | Reached skill level 5 in Dodging
  5887 | D:6      | Reached skill level 6 in Fighting
  6025 | D:6      | Found an opulent altar of Gozag.
  6037 | D:6      | Identified a scroll of acquirement
  6047 | D:6      | Acquired the ring "Aruq" {Wiz Slay+4}
  6350 | D:6      | Reached ** piety under Ashenzari
  6813 | D:6      | Reached skill level 1 in Shields
  7228 | D:7      | Found a hide-covered altar of Uskayaw.
  7269 | D:7      | Reached XP level 10. HP: 71/76 MP: 0/0
  7274 | D:7      | Reached skill level 7 in Fighting
  7316 | D:7      | Identified the +0 chain mail of the Slorg {Will+}
  7417 | D:7      | Reached *** piety under Ashenzari
  7755 | D:7      | Found a hazy altar of Hepliaklqana.
  7756 | D:7      | Found a shimmering altar of Xom.
  7757 | D:7      | Noticed a spectral ugly thing
  8358 | D:8      | Found a runed translucent door.
  8392 | D:8      | Noticed kingofthe's ghost (novice OpCj)
  8436 | D:8      | Noticed a two-headed ogre
  8436 | D:8      | Identified the +1 hand axe of Guilt {holy, Dex+5}
  8622 | D:8      | Reached skill level 5 in Stealth
  8628 | D:8      | Killed a two-headed ogre
  8884 | D:8      | Found a basalt altar of Yredelemnul.
  8985 | D:8      | Noticed Maurice
  8998 | D:8      | Killed Maurice
  8999 | D:8      | Reached skill level 8 in Fighting
  9564 | D:8      | Noticed a two-headed ogre
  9569 | D:8      | Killed a two-headed ogre
  9570 | D:8      | Reached XP level 11. HP: 74/86 MP: 0/0
  9570 | D:8      | Learned a level 5 spell: Blade Hands
  9616 | D:8      | Found a white marble altar of Elyvilon.
  9766 | D:8      | Identified the +1 pair of gloves of Yclyqeh {-Tele Rampage
                  | rN+ rCorr}
  9911 | D:9      | Found Kialan's Book Emporium.
  9983 | D:9      | Reached **** piety under Ashenzari
 10067 | D:9      | Found a staircase to the Lair.
 10372 | D:9      | Noticed a tengu warrior
 10374 | D:9      | Noticed a tengu warrior
 10379 | D:9      | Killed a tengu warrior
 10380 | D:9      | Reached skill level 9 in Fighting
 10382 | D:9      | Killed a tengu warrior
 10498 | D:9      | Found a burning altar of Makhleb.
 10731 | D:9      | Reached ***** piety under Ashenzari
 10748 | D:10     | Entered Level 10 of the Dungeon
 11148 | D:10     | Identified the +7 sling "Gempaowk" {speed, rF+ Will+ Str+3}
 11179 | D:10     | Found an ornate altar of the Wu Jian Council.
 11292 | D:10     | Noticed a two-headed ogre
 11297 | D:10     | Killed a two-headed ogre
 11582 | D:10     | Found a stormy altar of Qazlal.
 11859 | D:10     | Found a glowing golden altar of the Shining One.
 12076 | D:11     | Noticed a cyclops
 12082 | D:11     | Killed a cyclops
 12271 | D:11     | Noticed Sonja
 12276 | D:11     | Killed Sonja
 12459 | D:11     | Reached XP level 12. HP: 77/101 MP: 0/0
 12468 | D:11     | Reached skill level 10 in Fighting
 12481 | D:11     | Noticed a two-headed ogre
 12504 | D:11     | Killed a two-headed ogre
 13387 | D:11     | Found a staircase to the Orcish Mines.
 14797 | D:13     | Found a transporter.
 14801 | D:13     | Noticed a catoblepas
 14802 | D:13     | Noticed Frost42's ghost (journeyman MiFi)
 14818 | D:13     | Noticed a centaur warrior
 14834 | D:13     | Killed a centaur warrior
 14835 | D:13     | Reached skill level 11 in Fighting
 15062 | D:13     | Noticed a boulder beetle
 15110 | D:13     | Noticed a two-headed ogre
 15124 | D:13     | Slain by a boulder beetle

Illustrated notes

Levels and vault maps discovered:
D:1:      dpeg_arrival_castle, layout_rooms
D:2:      layout_loops_ring, st_stairs_8, supply_closet_lemuel
D:3:      layout_loops_corners, gammafunk_ghost_grave, kennysheep_orc_chapel,
          uniq_ijyb
D:4:      minmay_razor_zed, layout_cave_pools, old_standard_altar,
          minmay_temple_entry_steel_oval, nicolae_shop_fire_sale
          [nicolae_sub_dead_trees]
D:5:      layout_cave_pools, mainiacjoe_overflow_boulevard,
          general_overflow_altar, wad_rectangle_vault
D:6:      layout_gridville, mainiacjoe_overflow_tiny_flanked,
          mainiacjoe_overflow_24_doors
D:7:      layout_basic, regret_index_temple_of_mockery, lemuel_crystal_altar,
          nicolae_kikubaaqudgha_miasma_corner, lemuel_doored_altar,
          lemuel_flame_loot_1
D:8:      layout_basic, elyvilon_altar_1, amcnicky_altar_gilded,
          hellmonk_ghost_happy_afterlife, grunt_ministairs_1, uniq_maurice
D:9:      layout_roguey, nicolae_overflow_crystal_walls,
          erik_lair_orcish_takeover, serial_shops, nicolae_stop_n_shop_1,
          grunt_decor_arrowhead
D:10:     layout_loops_ring, nicolae_tso_swordbearing_angel,
          mainiacjoe_overflow_brackets, mainiacjoe_overflow_alcove_2,
          minmay_misc_feat_encased
D:11:     layout_loops_corners, erik_orc_2, uniq_sonja
D:12:     layout_cave_pods
D:13:     layout_roguey, lightli_vaults_fourway_checkpoint,
          gammafunk_ghost_berserking_beasts, uniq_lodul
Temple:   nicolae_temple_ecumenical_triangle

Skill      XL: |  1  2  3  4  5  6  7  8  9 10 11 12 |
---------------+-------------------------------------+-----
Spellcasting   | 4 5 6 7 8 9 |  9.8
Fighting       | 1 2 3 4 5 6 8 9 11 | 11.1
Stealth        | 2 3 4 5 6 7 |  7.3
Dodging        | 3 4 5 6 7 8 |  8.8
Shields        | 1 4 |  4.6

Action                     |  1- 3 |  4- 6 |  7- 9 | 10-12 || total
---------------------------+-------+-------+-------+-------++-------
  Melee: Hand axe          |       |       |       |     1 ||     1
   Fire: Sling             |       |       |       |     3 ||     3
   Cast: Magic Dart        |    41 |    44 |   103 |    97 ||   285
         Searing Ray       |     9 |    28 |    51 |    61 ||   149
         Fulminant Prism   |       |       |    19 |    71 ||    90
         Iskenderun's Myst |       |       |    10 |    29 ||    39
         Summon Small Mamm |       |       |       |     8 ||     8
         Summon Guardian G |       |       |       |     7 ||     7
 Invoke: Curse Item        |       |       |     3 |     5 ||     8
         Shatter the Chain |       |       |       |     1 ||     1
    Use: Scroll            |       |       |    10 |     2 ||    12
         Potion            |       |       |     2 |     2 ||     4
 Armour: Robe              |     1 |     5 |    18 |    29 ||    53
  Dodge: Dodged            |     3 |    13 |    37 |    97 ||   150
  Block: Buckler           |       |       |       |    48 ||    48

Table legend: (Time is in decaauts)
 A = Elapsed time spent in this place.
 B = Non-inter-level travel time spent in this place.
 C = Inter-level travel time spent in this place.
 D = Time resting spent in this place.
 E = Time spent auto-exploring this place.
 F = Levels seen in this place.
 G = Mean time per level.
                   A        B        C        D        E       F      G
               +--------+--------+--------+--------+--------+-----+--------+
         Total |  15133 |  14365 |    768 |   2172 |  10378 |  14 | 1080.9 |
       Dungeon |  15084 |  14325 |    759 |   2172 |  10346 |  13 | 1160.3 |
        Temple |     48 |     39 |      9 |      0 |     32 |   1 |   48.0 |
               +--------+--------+--------+--------+--------+-----+--------+

Top non-repeatable levels by time:
     D:3: 1905 daAuts
     D:7: 1652 daAuts
     D:4: 1578 daAuts
    D:11: 1558 daAuts
     D:8: 1366 daAuts
    D:12: 1270 daAuts
     D:6: 1204 daAuts
    D:10: 1174 daAuts
     D:5: 875 daAuts
     D:2: 812 daAuts
     D:9: 783 daAuts
     D:1: 536 daAuts
    D:13: 367 daAuts
  Temple: 48 daAuts
